General information
- name: BNet
- type: Ladder team game (AT/RT)
- host: Battle.net
- saver: BEAR_AND
map: GoldRush
- players: 8
- length: 12:01
- speed: Fast
- version: 1.21 W3XP
- replay type:

» download(105 KB)
Players
team 1 (winner)
BEAR_AND (
orange | 131 APM | 1570 actions | 12:01)
2 Archmage
1 Summon Water Elemental
1 Brilliance Aura
» actions
| Assign group hotkey | 23 | |
| Basic commands | 2 | |
| Build / train | 54 | |
| Enter build submenu | 37 | |
| Enter hero's abilities submenu | 2 | |
| Right click | 919 | |
| Select / deselect | 188 | |
| Select group hotkey | 287 | |
| Use ability | 58 | |
1570 total
» units
» buildings
| Altar of Kings | 1 | |
| Farm | 4 | |
| Barracks | 1 | |
| Lumber Mill | 1 | |
| Scout Tower | 24 | |
| Guard Tower | 14 | |
| Arcane Vault | 1 | |
| Arcane Tower | 2 | |
| Town Hall | 1 | |
| Keep | 1 | |
50 total
» build order
00:11 Altar of Kings
00:14 Farm
00:52 Farm
00:55 Barracks
01:39 Lumber Mill
02:09 Farm
03:16 Scout Tower
03:17 Scout Tower
03:17 Scout Tower
03:24 Scout Tower
03:25 Scout Tower
03:32 Scout Tower
03:43 Guard Tower
03:53 Scout Tower
03:55 Scout Tower
03:55 Scout Tower
04:02 Guard Tower
04:15 Arcane Vault
04:25 Farm
04:45 Scout Tower
05:16 Guard Tower
05:19 Guard Tower
05:19 Guard Tower
05:19 Guard Tower
05:37 Scout Tower
05:38 Scout Tower
05:38 Scout Tower
05:41 Arcane Tower
05:43 Scout Tower
05:44 Scout Tower
06:10 Arcane Tower
06:11 Guard Tower
06:11 Guard Tower
06:46 Town Hall
06:59 Scout Tower
06:59 Scout Tower
07:00 Scout Tower
07:00 Scout Tower
07:40 Guard Tower
07:57 Guard Tower
08:14 Guard Tower
08:32 Scout Tower
09:01 Guard Tower
09:03 Scout Tower
09:27 Keep
09:44 Guard Tower
10:38 Scout Tower
10:39 Scout Tower
10:39 Scout Tower
11:18 Guard Tower
» items
| Scroll of Regeneration | 3 | |
| Lesser Clarity Potion | 3 | |
6 total
bLinn (
blue | 106 APM | 1279 actions | 12:01)
3 Far Seer
2 Feral Spirit
1 Chain Lighting
2 Tauren Chieftain
1 War Stomp
1 Endurance Aura
» actions
| Assign group hotkey | 41 | |
| Basic commands | 12 | |
| Build / train | 42 | |
| Enter build submenu | 23 | |
| Enter hero's abilities submenu | 5 | |
| Right click | 788 | |
| Select / deselect | 188 | |
| Select group hotkey | 138 | |
| Use ability | 42 | |
1279 total
» units
» upgrades
» buildings
| Altar of Storms | 1 | |
| Orc Burrow | 4 | |
| War Mill | 1 | |
| Barracks | 1 | |
| Watch Tower | 7 | |
| Stronghold | 1 | |
| Great Hall | 1 | |
| Voodoo Lounge | 1 | |
| Fortress | 2 | |
| Tauren Totem | 1 | |
20 total
» build order
00:03 Altar of Storms
00:13 Orc Burrow
00:45 War Mill
01:18 Barracks
01:43 Orc Burrow
02:34 Watch Tower
02:36 Watch Tower
03:49 Watch Tower
03:51 Watch Tower
05:15 Stronghold
05:28 Orc Burrow
05:34 Watch Tower
05:41 Great Hall
06:54 Watch Tower
07:41 Voodoo Lounge
08:03 Watch Tower
08:07 Orc Burrow
08:43 Fortress
08:43 Fortress
11:44 Tauren Totem
» items
Gobiner (
pink | 57 APM | 691 actions | 12:01)
3 Mountain King
2 Storm Bolt
1 Bash
1 Paladin
1 Holy Light
» actions
| Assign group hotkey | 16 | |
| Basic commands | 5 | |
| Build / train | 50 | |
| ESC pressed | 1 | |
| Enter build submenu | 34 | |
| Enter hero's abilities submenu | 4 | |
| Right click | 275 | |
| Select / deselect | 134 | |
| Select group hotkey | 114 | |
| Use ability | 58 | |
691 total
» units
» upgrades
| Masonry | 2 | |
| Lumber Harvesting | 1 | |
3 total
» buildings
| Altar of Kings | 1 | |
| Barracks | 1 | |
| Farm | 3 | |
| Lumber Mill | 2 | |
| Scout Tower | 26 | |
| Keep | 1 | |
| Guard Tower | 13 | |
| Castle | 1 | |
| Arcane Vault | 1 | |
49 total
» build order
00:07 Altar of Kings
00:11 Barracks
00:17 Farm
00:59 Farm
01:41 Lumber Mill
01:49 Lumber Mill
02:21 Farm
03:19 Scout Tower
03:20 Scout Tower
03:21 Scout Tower
03:36 Keep
03:57 Guard Tower
04:08 Scout Tower
04:10 Scout Tower
04:39 Guard Tower
05:05 Guard Tower
05:17 Scout Tower
05:19 Scout Tower
05:20 Scout Tower
05:21 Scout Tower
05:22 Scout Tower
05:51 Scout Tower
06:06 Guard Tower
06:19 Guard Tower
06:36 Scout Tower
06:37 Scout Tower
06:54 Scout Tower
06:57 Scout Tower
06:58 Scout Tower
07:29 Guard Tower
08:15 Guard Tower
09:11 Scout Tower
09:13 Scout Tower
09:18 Castle
09:19 Guard Tower
09:21 Scout Tower
09:22 Scout Tower
09:34 Arcane Vault
09:42 Guard Tower
09:46 Guard Tower
11:03 Scout Tower
11:05 Scout Tower
11:06 Scout Tower
11:25 Guard Tower
11:38 Guard Tower
11:39 Guard Tower
11:41 Scout Tower
11:42 Scout Tower
11:43 Scout Tower
» items
| Lesser Clarity Potion | 1 | |
| Scroll of Regeneration | 1 | |
| Staff of Sanctuary | 1 | |
3 total

»
TIMG4STRok (
purple | 178 APM | 2141 actions | 12:01)
3 Death Knight
2 Death Coil
1 Unholy Aura
1 Lich
1 Frost Nova
» actions
| Assign group hotkey | 19 | |
| Basic commands | 49 | |
| Build / train | 27 | |
| Enter build submenu | 13 | |
| Enter hero's abilities submenu | 4 | |
| Right click | 1058 | |
| Select / deselect | 127 | |
| Select group hotkey | 810 | |
| Use ability | 34 | |
2141 total
» units
| Acolyte | 2 | |
| Ghoul | 9 | |
| Obsidian Statue | 3 | |
14 total
» upgrades
| Destroyer Form | 1 | |
| Creature Attack | 1 | |
| Creature Carapace | 1 | |
3 total
» buildings
| Crypt | 1 | |
| Altar of Darkness | 1 | |
| Ziggurat | 5 | |
| Tomb of Relics | 1 | |
| Halls of the Dead | 1 | |
| Black Citadel | 1 | |
| Graveyard | 1 | |
| Slaughterhouse | 2 | |
13 total
» build order
00:08 Crypt
00:11 Altar of Darkness
00:24 Ziggurat
00:47 Tomb of Relics
01:47 Ziggurat
04:54 Halls of the Dead
04:59 Ziggurat
05:00 Ziggurat
07:30 Black Citadel
07:36 Graveyard
08:24 Ziggurat
09:08 Slaughterhouse
09:09 Slaughterhouse
» items
team 2 (loser)
ArcadiaX (
yellow | 82 APM | 976 actions | 11:57)
2 Death Knight
1 Death Coil
1 Unholy Aura
» actions
| Assign group hotkey | 12 | |
| Basic commands | 38 | |
| Build / train | 40 | |
| Enter build submenu | 17 | |
| Enter hero's abilities submenu | 2 | |
| Right click | 548 | |
| Select / deselect | 258 | |
| Select group hotkey | 35 | |
| Use ability | 26 | |
976 total
» units
| Acolyte | 2 | |
| Ghoul | 21 | |
| Crypt Fiend | 5 | |
28 total
» buildings
| Altar of Darkness | 1 | |
| Ziggurat | 8 | |
| Crypt | 2 | |
| Graveyard | 1 | |
| Spirit Tower | 7 | |
| Tomb of Relics | 1 | |
| Halls of the Dead | 1 | |
21 total
» build order
00:13 Altar of Darkness
00:18 Ziggurat
00:26 Crypt
00:33 Graveyard
01:11 Ziggurat
01:58 Spirit Tower
02:19 Tomb of Relics
03:59 Crypt
04:02 Ziggurat
04:08 Ziggurat
04:48 Spirit Tower
05:03 Spirit Tower
05:08 Spirit Tower
05:56 Ziggurat
07:57 Ziggurat
07:58 Ziggurat
08:01 Ziggurat
09:22 Spirit Tower
09:23 Spirit Tower
09:25 Spirit Tower
10:00 Halls of the Dead
» items
EarlyMorning (
green | 31 APM | 356 actions | 11:26)
2 Keeper of the Grove
1 Entangling Roots
1 Thorns Aura
» actions
| Basic commands | 1 | |
| Build / train | 18 | |
| ESC pressed | 1 | |
| Enter build submenu | 6 | |
| Enter hero's abilities submenu | 2 | |
| Remove unit from queue | 1 | |
| Right click | 234 | |
| Select / deselect | 73 | |
| Use ability | 20 | |
356 total
» units
» buildings
| Altar of Elders | 1 | |
| Moon Well | 2 | |
| Ancient of War | 1 | |
| Hunter's Hall | 1 | |
5 total
» build order
00:07 Altar of Elders
00:11 Moon Well
01:35 Ancient of War
01:42 Hunter's Hall
01:51 Moon Well
fartman16 (
red | 47 APM | 561 actions | 11:53)
3 Archmage
2 Blizzard
1 Summon Water Elemental
» actions
| Assign group hotkey | 3 | |
| Basic commands | 25 | |
| Build / train | 37 | |
| Enter build submenu | 18 | |
| Enter hero's abilities submenu | 3 | |
| Right click | 233 | |
| Select / deselect | 128 | |
| Select group hotkey | 82 | |
| Use ability | 32 | |
561 total
» units
» buildings
| Altar of Kings | 1 | |
| Barracks | 2 | |
| Farm | 8 | |
| Keep | 1 | |
| Scout Tower | 1 | |
| Lumber Mill | 1 | |
| Blacksmith | 1 | |
| Guard Tower | 1 | |
16 total
» build order
00:07 Altar of Kings
00:11 Barracks
00:19 Farm
01:10 Farm
01:42 Farm
01:57 Farm
02:38 Farm
04:57 Farm
05:01 Keep
05:10 Barracks
05:17 Scout Tower
05:24 Lumber Mill
05:50 Farm
05:55 Farm
06:13 Blacksmith
06:31 Guard Tower
michaeljkim (
teal | 8 APM | 100 actions | 12:00)
1 Far Seer
1 Feral Spirit
» actions
| Build / train | 9 | |
| Enter build submenu | 6 | |
| Enter hero's abilities submenu | 1 | |
| Right click | 38 | |
| Select / deselect | 40 | |
| Use ability | 6 | |
100 total
» units
» buildings
| Altar of Storms | 1 | |
| Orc Burrow | 2 | |
| Barracks | 1 | |
| War Mill | 1 | |
5 total
» build order
00:37 Altar of Storms
01:05 Orc Burrow
01:18 Barracks
02:13 Orc Burrow
02:20 War Mill
Chat log
(02:00 / All) TIMG4STRok: GL HF
(02:04 / All) TIMG4STRok: seriously
(02:06 / All) EarlyMorning: same to you
(02:07 / All) fartman16: ty
(02:08 / All) TIMG4STRok: i'm not joking
(02:11 / Allies) TIMG4STRok: i want you to enjoy this game
(02:15 / All) TIMG4STRok: i want you to enjoy this game
(05:32 / All) BEAR_AND: thanks for watching; http://highper.ch/ for all reps
(09:04 / All) BEAR_AND: gg thanks
(09:07 / All) BEAR_AND: for free win
(09:11 / All) TIMG4STRok: rofl pow
(09:41 / All) fartman16: watch out for my peasant in your base!
(09:50 / All) TIMG4STRok: diod you guys enjoy this game
(09:51 / All) BEAR_AND: iuts my base now
(11:26 / All) BEAR_AND: leave
(11:27 / All) BEAR_AND: thanks
(11:29 / All) TIMG4STRok: ROFL POW
(11:44 / All) BEAR_AND: this has been a big boys ball busters bear and blinn tower rush and crush
(11:55 / All) BEAR_AND: presented by http://highper.ch/ and clan towa